 Dungeon Crawl Stone Soup version 0.28.0-45-g0d030f2227 (webtiles) character file.

Game seed: 31856919555201996

309 Ablot the Cutter (level 6, -6/53 HPs)
             Began as a Gnoll Chaos Knight on Apr 20, 2022.
             Was a Plaything of Xom.
             Mangled by an ogre
             ... wielding a +4 giant club of chaos
              (17 damage)
             ... on level 4 of the Dungeon.
             The game lasted 00:04:44 (4444 turns).

Ablot the Cutter (Gnoll Chaos Knight)               Turns: 4444, Time: 00:04:45

Health: -6/53      AC:  4    Str: 12 (13) XL:     6   Next: 41%
Magic:  9/9        EV: 12    Int: 12      God:    Xom [*.....]
Gold:   128        SH:  0    Dex:  9      Spells: 9/9 levels left

rFire   . . .      SeeInvis .   a - +0 short sword (chaos)
rCold   + . .      Faith    .   (no shield)
rNeg    . . .      Spirit   .   b - +2 leather armour
rPois   .          Reflect  .   (no helmet)
rElec   .          Harm     .   (no cloak)
rCorr   .          Rampage  .   (no gloves)
Will    +....                   (no boots)
Stlth   +.........              (no amulet)
HPRegen 0.17/turn               m - ring of willpower
MPRegen 0.11/turn               h - ring of protection from cold

@: no status effects
A: fangs 1, strong nose, distributed training, clumsy 1, deformed body,
deterioration 1, screaming 1
a: Renounce Religion


You were on level 4 of the Dungeon.
You worshipped Xom.
You were a special plaything of Xom.
You visited 1 branch of the dungeon, and saw 4 of its levels.

You collected 128 gold pieces.

Inventory:

Hand Weapons
 a - a +0 short sword of chaos (weapon)
 n - a +1 short sword of venom
Missiles
 c - 177 stones
 l - 3 poisoned darts (quivered)
Armour
 b - a +2 leather armour (worn)
Jewellery
 f - a ring of fire
 h - a ring of protection from cold (right hand)
 m - a ring of willpower (left hand)
Scrolls
 e - a scroll of enchant armour {unknown}
 g - a scroll of vulnerability {unknown}
 i - a scroll of blinking {unknown}
 j - 2 scrolls of identify {unknown}
 k - a scroll of fog {unknown}
Potions
 d - a potion of flight


   Skills:
 + Level 6.8 Fighting
 + Level 6.8 Short Blades
 + Level 2.0 Long Blades
 + Level 2.0 Axes
 + Level 2.0 Maces & Flails
 + Level 2.0 Polearms
 + Level 2.0 Staves
 + Level 2.0 Slings
 + Level 2.0 Bows
 + Level 2.0 Crossbows
 + Level 2.0 Throwing
 + Level 5.0 Armour
 + Level 3.2 Dodging
 + Level 2.0 Stealth
 + Level 2.0 Shields
 + Level 2.0 Unarmed Combat
 + Level 2.0 Spellcasting
 + Level 1.5 Conjurations
 + Level 1.5 Hexes
 + Level 1.5 Summonings
 + Level 1.5 Necromancy
 + Level 1.5 Translocations
 + Level 1.5 Transmutations
 + Level 1.5 Fire Magic
 + Level 1.5 Ice Magic
 + Level 1.5 Air Magic
 + Level 1.5 Earth Magic
 + Level 1.5 Poison Magic
 + Level 2.1 Invocations
 + Level 2.0 Evocations


You had 9 spell levels left.
You didn't know any spells.
Your spell library contained the following spells:

 Spells                   Type           Power      Damage    Failure   Level
 Ensorcelled Hibernation  Hex/Ice        8%         N/A       28%         2
 Spider Form              Tmut/Pois      4%         N/A       50%         3
 Tukima's Dance           Hex            4%         N/A       50%         3
 Anguish                  Hex/Necr       2%         N/A       88%         4
 Passage of Golubria      Tloc           4%         N/A       88%         4
 Yara's Violent Unravell  Hex/Tmut       2%         3d3       99%         5


Dungeon Overview and Level Annotations

Branches:
Dungeon (4/15)
 Temple: D:4-7

Altars:
Okawaru
Uskayaw


Innate Abilities, Weirdness & Mutations

You have very sharp teeth.
Your uncanny sense of smell can sniff out nearby items.
Your experience applies equally to all skills.
You are clumsy. (Dex -2)
Armour fits poorly on your strangely shaped body.
Your body sometimes deteriorates upon taking damage.
You occasionally shout uncontrollably at your foes.


Message History

Lightning courses through the hound skeleton!
You destroy the hound skeleton!
The hound skeleton disappears in a puff of smoke!
c - 177 stones (gained 5)
Things that are here:
a +0 short sword; a kobold skeleton You see here a +0 robe.
You see here a +0 mace.
An ogre comes into view. It is wielding a +0 giant club.
The ogre shouts! "Have a taste of chaos, mortal."
The ogre's +0 giant club erupts in a glittering mayhem of colour.
You hit the ogre. You burn the ogre.
The ogre is lightly wounded.
You hit the ogre but do no damage.
The ogre is poisoned.
The ogre is lightly wounded.
The ogre completely misses you.
You hit the ogre but do no damage.
The ogre is moderately wounded.
The ogre misses you.
You hit the ogre.
The ogre looks as sick as possible!
Your bite misses the ogre.
The ogre is moderately wounded.
You hit the ogre.
The ogre is heavily wounded.
The ogre hits you with a +4 giant club of chaos!
The ogre freezes you.
You hit the ogre.
The ogre seems to speed up.
Xom is amused.
The ogre is heavily wounded.
The ogre hits you with a +4 giant club of chaos!!
Ouch! That really hurt!
* * * LOW HITPOINT WARNING * * *
Your body deteriorates!
You feel weakened. The ogre freezes you.
* * * LOW HITPOINT WARNING * * *
You see here a +0 mace.
The ogre hits you with a +4 giant club of chaos!
You die...
Xom thinks this is hilarious!

### ∆ ##.## # #...#
#. ∆ ... . .## ...
##. .. #.# #.. #. #.#
#.# #.######## #.#∆
#.# #..O@.[..###.#.
#.#
########...).#.##.###
#...####.......
#.#............
#>..#######.### ##.##
#†# #.# ###.### #.#
#.....# #.# #.###.#


You could see an ogre (fast, very poisoned).

Vanquished Creatures
  A necrophage (D:4)
  A jelly (D:4)
  A bullfrog skeleton (D:4)
  An orc wizard (D:3)
  3 adders
  An adder skeleton (D:4)
  A worm (D:2)
  4 dart slugs
  9 orcs (D:3)
  12 ball pythons
  6 endoplasms
  4 giant cockroaches
  8 goblins
  7 hobgoblins
  3 jackals (D:3)
  4 quokkas
  5 bats
  6 frilled lizards
  12 kobolds
  4 rats
93 creatures vanquished.

Vanquished Creatures (others)
  A hobgoblin (D:2)
  15 plants (D:3)
16 creatures vanquished.

Grand Total: 109 creatures vanquished

Notes
Turn   | Place    | Note
-------+----------+-------------------------------------------
     0 | D:1      | Ablot the Gnoll Chaos Knight began the quest for the Orb.
     0 | D:1      | Reached XP level 1. HP: 23/23 MP: 1/1
   180 | D:1      | Reached XP level 2. HP: 28/29 MP: 2/2
   577 | D:1      | Reached XP level 3. HP: 31/35 MP: 3/3
   711 | D:1      | XOM: silly message
   989 | D:2      | XOM: noise
   993 | D:2      | Reached skill level 1 in Invocations
  1023 | D:2      | Reached skill level 1 in Long Blades
  1023 | D:2      | Reached skill level 1 in Axes
  1023 | D:2      | Reached skill level 1 in Maces & Flails
  1023 | D:2      | Reached skill level 1 in Polearms
  1023 | D:2      | Reached skill level 1 in Staves
  1023 | D:2      | Reached skill level 1 in Slings
  1023 | D:2      | Reached skill level 1 in Bows
  1023 | D:2      | Reached skill level 1 in Crossbows
  1023 | D:2      | Reached skill level 1 in Throwing
  1023 | D:2      | Reached skill level 1 in Stealth
  1023 | D:2      | Reached skill level 1 in Shields
  1023 | D:2      | Reached skill level 1 in Unarmed Combat
  1023 | D:2      | Reached skill level 1 in Spellcasting
  1023 | D:2      | Reached skill level 1 in Evocations
  1077 | D:2      | Reached XP level 4. HP: 33/41 MP: 5/5
  1167 | D:2      | Found a faded altar of an unknown god.
  1810 | D:2      | XOM: silly message
  2003 | D:2      | XOM: silly message
  2047 | D:3      | Reached skill level 1 in Conjurations
  2047 | D:3      | Reached skill level 1 in Hexes
  2047 | D:3      | Reached skill level 1 in Summonings
  2047 | D:3      | Reached skill level 1 in Necromancy
  2047 | D:3      | Reached skill level 1 in Translocations
  2047 | D:3      | Reached skill level 1 in Transmutations
  2047 | D:3      | Reached skill level 1 in Fire Magic
  2047 | D:3      | Reached skill level 1 in Ice Magic
  2047 | D:3      | Reached skill level 1 in Air Magic
  2047 | D:3      | Reached skill level 1 in Earth Magic
  2047 | D:3      | Reached skill level 1 in Poison Magic
  2099 | D:3      | Found an iron altar of Okawaru.
  2119 | D:3      | Found a hide-covered altar of Uskayaw.
  2162 | D:3      | XOM: silly message
  2616 | D:3      | XOM: confusion (+ monsters)
  2642 | D:3      | XOM: stat loss: -1 Dex (10/11)
  2649 | D:3      | Reached XP level 5. HP: 28/47 MP: 6/6
  2699 | D:3      | XOM: give mutations
  2699 | D:3      | Gained mutation: You sometimes lose the ability to read
                  | scrolls when taking damage. [Xom's mischief]
  2699 | D:3      | Gained mutation: Armour fits poorly on your strangely
                  | shaped body. [Xom's mischief]
  2699 | D:3      | Gained mutation: You have sharp toenails. [Xom's mischief]
  2699 | D:3      | Lost mutation: You have sharp toenails. [Xom's mischief]
  2862 | D:3      | XOM: give mutations
  2862 | D:3      | Gained mutation: You occasionally shout uncontrollably at
                  | your foes. [Xom's mischief]
  2862 | D:3      | Gained mutation: You are clumsy. (Dex -2) [Xom's mischief]
  2862 | D:3      | Lost mutation: You sometimes lose the ability to read
                  | scrolls when taking damage. [Xom's mischief]
  2862 | D:3      | Gained mutation: Your body sometimes deteriorates upon
                  | taking damage. [Xom's mischief]
  3315 | D:3      | HP: 2/47 [poisoned by an orc]
  3449 | D:3      | XOM: noise
  3737 | D:3      | XOM: silly message
  3798 | D:3      | XOM: god gift: dagger {god gift}
  3945 | D:4      | Noticed a necrophage
  3948 | D:4      | XOM: scenery: summon butterflies
  3956 | D:4      | Killed a necrophage
  3957 | D:4      | Reached XP level 6. HP: 40/53 MP: 8/8
  4226 | D:4      | Reached skill level 5 in Armour
  4234 | D:4      | XOM: summons 2 hostile shadow creatures
  4436 | D:4      | XOM: chaos upgrade
  4444 | D:4      | Mangled by an ogre

Illustrated notes

Levels and vault maps discovered:
D:1:      minmay_arrival_wavy_path, layout_loops_cross
D:2:      layout_basic, basic_ecumenical_altar
D:3:      layout_basic, mainiacjoe_overflow_small_starburst,
          nicolae_uskayaw_dance_hall, serial_co_window_serial,
          co_window_corner_a, co_window_of_opportunity_a, co_window_paths_b,
          co_window_corner_a, co_window_corner_a, co_window_of_opportunity_b,
          co_window_broadway_a, co_window_of_opportunity_c,
          co_window_unsneaky_path_d, co_window_4corner_a, glass_columns_a,
          glass_columns_a, glass_columns_a, glass_columns_a, glass_columns_b,
          serial_bayou_pond_c, lexackson_kobold_supper
D:4:      layout_loops_ring, gammafunk_ghost_cemetery, minmay_misc_feat_x

Skill      XL: |  1  2  3  4  5  6 |
---------------+-------------------+-----
Invocations    | 1 2 |  2.1
Long Blades    | 1 2 |  2.0
Axes           | 1 2 |  2.0
Maces & Flails | 1 2 |  2.0
Polearms       | 1 2 |  2.0
Staves         | 1 2 |  2.0
Slings         | 1 2 |  2.0
Bows           | 1 2 |  2.0
Crossbows      | 1 2 |  2.0
Throwing       | 1 2 |  2.0
Stealth        | 1 2 |  2.0
Shields        | 1 2 |  2.0
Unarmed Combat | 1 2 |  2.0
Spellcasting   | 1 2 |  2.0
Evocations     | 1 2 |  2.0
Conjurations   | 1 |  1.5
Hexes          | 1 |  1.5
Summonings     | 1 |  1.5
Necromancy     | 1 |  1.5
Translocations | 1 |  1.5
Transmutations | 1 |  1.5
Fire Magic     | 1 |  1.5
Ice Magic      | 1 |  1.5
Air Magic      | 1 |  1.5
Earth Magic    | 1 |  1.5
Poison Magic   | 1 |  1.5
Dodging        | 3 |  3.2
Armour         | 5 |  5.0
Fighting       | |  6.8
Short Blades   | |  6.8

Action                   |  1- 3 |  4- 6 || total
-------------------------+-------+-------++-------
Melee: Short sword       |   111 |   207 ||   318
       Bite              |    10 |    23 ||    33
       Punch             |     2 |     7 ||     9
  Use: Potion            |       |     3 ||     3
 Stab: Paralysed         |     1 |       ||     1
       Sleeping          |     2 |     1 ||     3
       Confused          |     1 |     3 ||     4
       Petrified         |     1 |       ||     1
       Distracted        |       |     1 ||     1
Armor: Leather armour    |    34 |    42 ||    76
       Skin              |       |     4 ||     4
Dodge: Dodged            |    41 |    84 ||   125
